 Dungeon Crawl Stone Soup version 0.30-a0-134-gb40fab5c76 (webtiles) character file.

Game seed: 10535202749340850711

31 Nedwor the Trooper (level 3, 27/29 HPs)
             Began as a Human Fighter on Sept 20, 2022.
             Quit the game on level 2 of the Dungeon.
             The game lasted 00:00:53 (1259 turns).

Nedwor the Trooper (Human Fighter)                  Turns: 1259, Time: 00:00:54

Health: 27/29      AC:  6    Str: 18    XL:     3   Next: 40%
Magic:  3/3        EV:  9    Int:  8    God:
Gold:   59         SH:  4    Dex: 12    Spells: 2/2 levels left

rFire   . . .      SeeInvis .    a - +0 rapier
rCold   . . .      Faith    .    c - +0 buckler
rNeg    . . .      Spirit   .    b - +0 scale mail
rPois   .          Reflect  .    (no helmet)
rElec   .          Harm     .    (no cloak)
rCorr   .          Rampage  .    (no gloves)
Will    .....                    (no boots)
Stlth   ..........               (no amulet)
HPRegen 0.09/turn                (no ring)
MPRegen 0.08/turn                (no ring)

@: no status effects
A: no striking features
a: no special abilities


You were on level 2 of the Dungeon.
You visited 1 branch of the dungeon, and saw 2 of its levels.

You collected 59 gold pieces.

Inventory:

Hand Weapons
 a - a +0 rapier (weapon)
Armour
 b - a +0 scale mail (worn)
 c - a +0 buckler (worn)
Jewellery
 i - a ring of flight
Scrolls
 f - a scroll of enchant weapon {unknown}
 g - a scroll of identify {unknown}
 j - a scroll of blinking {unknown}
Potions
 d - a potion of might
 e - a potion of lignification {unknown}
 h - a potion of magic {unknown}


   Skills:
 + Level 3.2 Fighting
 * Level 2.6 Short Blades
 + Level 3.2 Armour
 + Level 0.9 Dodging
 + Level 3.2 Shields


You had 2 spell levels left.
You didn't know any spells.
Your spell library was empty.

Dungeon Overview and Level Annotations

Branches:
Dungeon (2/15)

Altars:
Gozag


Message History

The adder bites you. The adder barely misses you.
You closely miss the adder.
The adder is lightly wounded.
The adder barely misses you.
You miss the adder.
The adder is lightly wounded.
The adder bites you but does no damage. x2
You hit the adder.
The adder is moderately wounded.
The adder bites you.
You are poisoned.
The adder poisons you!
An adder is nearby!
An adder is nearby!
You hit the adder.
The adder is almost dead.
You feel sick. The adder bites you but does no damage.
You hit the adder.
You kill the adder!
You feel sick.
No target in view!
You feel sick.
You feel sick.
You feel sick.
You are no longer poisoned.
HP restored.
j - a scroll labelled FUORIO ZE NAY A rat comes into view.
Found a leather armour.
Found a stone staircase leading up.
A rat is nearby!
The rat barely misses you.
You hit the rat but do no damage. The rat bites you but does no damage.
You barely miss the rat. The rat bites you.
You barely miss the rat. The rat misses you.
You hit the rat but do no damage. The rat closely misses you.
You barely miss the rat. The rat bites you but does no damage.
You hit the rat.
You kill the rat!
No target in view!
Are you sure you want to abandon this character and quit the game? (Confirm with "yes".)

# ### #######.# ..#
#.......#
##########.#
#.......#
#..........#
#......<#
#..........###......#
+.............@.....#
#.........#+###†....#
#............# #....#
#............# #...#
#............# .[.#
######.......# ....
#.......# .#.
#.......# ##
#...†...####


There were no monsters in sight!

Vanquished Creatures
  An adder (D:2)
  A dart slug (D:1)
  A bat (D:1)
  3 endoplasms
  2 giant cockroaches (D:1)
  2 hobgoblins (D:1)
  A quokka (D:1)
  2 ball pythons
  4 kobolds (D:1)
  A rat (D:2)
18 creatures vanquished.

Notes
Turn   | Place    | Note
-------+----------+-------------------------------------------
     0 | D:1      | Nedwor the Human Fighter began the quest for the Orb.
     0 | D:1      | Reached XP level 1. HP: 18/18 MP: 1/1
   240 | D:1      | Reached XP level 2. HP: 15/24 MP: 2/2
  1108 | D:2      | Reached XP level 3. HP: 29/29 MP: 3/3
  1112 | D:2      | Found an opulent altar of Gozag.
  1259 | D:2      | Quit the game

Illustrated notes

Levels and vault maps discovered:
D:1:      pf_arrival_petrified_forest, layout_basic, minivault_27
D:2:      layout_basic, basic_altar

Action                   || total
-------------------------++-------
Melee: Rapier            ||    66
Armor: Scale mail        ||    25
Dodge: Dodged            ||    26
Block: Buckler           ||    16

Table legend: (Time is in decaauts)
 A = Elapsed time spent in this place.
 B = Non-inter-level travel time spent in this place.
 C = Inter-level travel time spent in this place.
 D = Time resting spent in this place.
 E = Time spent auto-exploring this place.
 F = Levels seen in this place.
 G = Mean time per level.
                   A        B        C        D        E       F      G
               +--------+--------+--------+--------+--------+-----+--------+
         Total |   1266 |   1214 |     52 |      0 |   1084 |   2 |  633.0 |
       Dungeon |   1266 |   1214 |     52 |      0 |   1084 |   2 |  633.0 |
               +--------+--------+--------+--------+--------+-----+--------+

Top non-repeatable levels by time:
     D:1: 1109 daAuts
     D:2: 156 daAuts
